 Dungeon Crawl Stone Soup version 0.20-a0-1016-g241539b (webtiles) character file.

735 FastMan the Chopper (level 7, 0/39 HPs)
             Began as a Vine Stalker Berserker on Apr 16, 2017.
             Was a Priest of Trog.
             Slain by a gnoll
             ... wielding a +0 spear
              (3 damage)
             ... on level 5 of the Dungeon.
             The game lasted 00:01:51 (2198 turns).

FastMan the Chopper (Vine Stalker Berserker)        Turns: 2198, Time: 00:01:51

Health: 0/39       AC: 11    Str: 20    XL:     7   Next: 74%
Magic:  0/8        EV:  8    Int:  7    God:    Trog [***...]
Gold:   99         SH:  0    Dex: 15    Spells: 6/6 levels left

rFire    . . .     SeeInvis .   a - +0 hand axe
rCold    . . .     Gourm    .   (no shield)
rNeg     . . .     Faith    .   l - +0 chain mail
rPois    .         Spirit   +   (no helmet)
rElec    .         Reflect  .   (no cloak)
rCorr    .         Harm     .   s - +2 pair of gloves
MR       .....                  (no boots)
Stlth    ..........             (no amulet)
Regen    0.6/turn               (no ring)
MPRegen  0.2/turn               (no ring)

@: exhausted, slowed, very slow
A: fangs 2, regeneration 1, magic shield, antimagic bite, no potion heal 3, rot
immunity
a: Berserk, Trog's Hand, Burn Spellbooks, Renounce Religion


You were on level 5 of the Dungeon.
You worshipped Trog.
Trog was most pleased with you.
You were very hungry.

You visited 1 branch of the dungeon, and saw 5 of its levels.

You collected 99 gold pieces.

Inventory:

Hand Weapons
 a - a +0 hand axe (weapon)
Armour
 b - a +0 animal skin
 l - a +0 chain mail (worn)
 s - a +2 pair of gloves (worn)
 t - a +0 helmet
Scrolls
 j - 3 scrolls of remove curse {unknown}
 k - a scroll of teleportation {unknown}
 n - a scroll of enchant weapon {unknown}
 o - 2 scrolls of identify {unknown}
 r - a scroll of blinking {unknown}
 u - a scroll of fear {unknown}
Potions
 e - a potion of agility {unknown}
 f - a potion of mutation {unknown}
 g - a potion of degeneration {unknown}
 m - a potion of heal wounds {unknown}
 p - a potion of resistance {unknown}
 v - a potion of magic {unknown}
Books
 w - a book of Changes

   Spells                             Type                      Level
   a - Beastly Appendage              Transmutation                1
   b - Sticks to Snakes               Transmutation                2
   c - Spider Form                    Transmutation/Poison         3
   d - Ice Form                       Ice/Transmutation            4
   e - Blade Hands                    Transmutation                5
   Trog disapproves of the use of such an item.
Comestibles
 c - 2 bread rations {@e1}
 d - 2 meat rations {@e2}
 h - 6 fruits {@e4}
 i - 2 royal jellies {@e3}
 q - 6 chunks of flesh


   Skills:
 + Level 5.1 Fighting
 * Level 6.7 Axes
 - Level 1.5 Armour
 - Level 1.5 Dodging


You had 6 spell levels left.
You didn't know any spells.

Dungeon Overview and Level Annotations

Branches:
Dungeon (5/15)             Temple (0/1) D:4

Altars:
Zin

Shops:
D:5 :

Annotations:
D:4 1 runed door
D:5 Griselidis's ghost, novice TrFi


Innate Abilities, Weirdness & Mutations

You have extremely sharp teeth.
Your natural rate of healing is unusually fast.
When hurt, damage is shared between your health and your magic reserves.
Your bite disrupts and absorbs the magic of your enemies.
Potions cannot restore your health.
You are immune to rotting.


Message History

Griselidis's ghost hits you!
* * * LOW HITPOINT WARNING * * *
The gnoll hits you with a whip.
* * * LOW HITPOINT WARNING * * *
The gnoll hits you from afar with a spear.
* * * LOW HITPOINT WARNING * * *
The gnoll hits you with a spear.
* * * LOW HITPOINT WARNING * * *
The gnoll hits you but does no damage.
Items here: ) [[ † a spear of pain; a scale mail; a buckler; a gnoll corpse You feel a strong urge to attack something.
The gnoll hits you but does no damage. x2
You are no longer berserk.
You are exhausted.
You feel yourself slow down. The gnoll hits you with a spear.
* * * LOW HITPOINT WARNING * * *
Unknown command.
The gnoll hits you from afar with a spear.
You die...

........# ........#
..... ... ........#
..... .. ........#
#...#.. ........#
#.#.#.# ........#
###.#.#.#
#.####..####.......#
#.###.#.#.#.#gg....###.#
#.##........†g.g@......#
#.###.......#.g...###...
#.##[........W###.#
#.###.......#.# .#
#.......>.....# .#
....#.......### .#
^.##.........## .#
....#.#.#.#.#.## .#
#.####..........


You could see Griselidis's ghost and 5 gnolls.

Vanquished Creatures
  The ghost of dtmoney the Covered, an amateur FoFi (D:3)
  A sky beast (D:5)
  A centaur (D:5)
  An ogre (D:4)
  A gnoll sergeant (D:5)
  A hound (D:5)
  A bullfrog skeleton (D:5)
  Natasha (twice) (D:3)
  Ijyb (D:3)
  Robin (D:3)
  4 adders
  3 gnolls (D:3)
  A worm (D:2)
  2 dart slugs
  5 leopard geckos
  4 orcs
  A ball python (D:4)
  4 bats
  3 giant cockroaches
  10 goblins
  10 hobgoblins
  2 jackals (D:1)
  A quokka (D:5)
  6 frilled lizards
  A hobgoblin zombie (D:4)
  2 kobolds
  2 kobold zombies (D:4)
  An orc zombie (D:4)
  7 rats
80 creatures vanquished.

Notes
Turn   | Place    | Note
-------+----------+-------------------------------------------
     0 | D:1      | FastMan the Vine Stalker Berserker began the quest for the Orb.
     0 | D:1      | Reached XP level 1. HP: 11/11 MP: 2/2
   146 | D:1      | Reached skill level 3 in Axes
   149 | D:1      | Reached XP level 2. HP: 13/16 MP: 3/3
   367 | D:2      | Reached XP level 3. HP: 17/20 MP: 2/4
   465 | D:2      | Reached ** piety under Trog
   858 | D:3      | Found a glowing silver altar of Zin.
   869 | D:3      | Found a faded altar of an unknown god.
   946 | D:3      | Gained mutation: Your natural rate of healing is unusually fast. [Vine Stalker growth]
   946 | D:3      | Reached XP level 4. HP: 22/24 MP: 3/5
   967 | D:3      | Noticed Robin
   978 | D:3      | Reached skill level 4 in Axes
   983 | D:3      | Killed Robin
  1143 | D:3      | Noticed Natasha
  1151 | D:3      | Killed Natasha
  1151 | D:3      | Reached XP level 5. HP: 28/28 MP: 4/6
  1431 | D:3      | Noticed Natasha
  1434 | D:3      | Noticed Ijyb
  1439 | D:3      | Killed Natasha
  1449 | D:3      | Killed Ijyb
  1475 | D:3      | Reached skill level 5 in Axes
  1502 | D:3      | Noticed dtmoney's ghost (amateur FoFi)
  1519 | D:3      | Killed dtmoney's ghost
  1519 | D:3      | Reached XP level 6. HP: 18/33 MP: 7/7
  1715 | D:4      | Reached *** piety under Trog
  1918 | D:4      | Reached XP level 7. HP: 38/38 MP: 8/8
  1956 | D:4      | Found a runed door.
  2029 | D:4      | Found a staircase to the Ecumenical Temple.
  2044 | D:5      | Entered Level 5 of the Dungeon
  2051 | D:5      | Reached skill level 6 in Axes
  2146 | D:5      | Found Efairr's Book Boutique.
  2182 | D:5      | Noticed Griselidis's ghost (novice TrFi)
  2190 | D:5      | Reached skill level 5 in Fighting
  2198 | D:5      | Slain by a gnoll

Vault maps used:
D:1:      evilmike_arrival_sounds_zot
D:3:      overflow_temple_1_default, chequers_ecumenical_altar_simple,
          uniq_iyjb, uniq_natasha, uniq_robin
D:4:      minitemple, temple_statues, first_bread, serial_shops,
          nicolae_shop_behind_doors, minmay_mini_ossuary, uniq_grinder,
          uniq_crazy_yiuf_cottage
D:5:      eat_drink_and_be_merry_uskayaw, serial_shops, shop, st_stairs_4

Skill      XL: |  1  2  3  4  5  6  7 |
---------------+----------------------+-----
Axes           | 3 4 5 6 |  6.7
Fighting       | 3 4 5 |  5.1
Armour         | |  1.5
Dodging        | |  1.5

Action                   |  1- 3 |  4- 6 |  7- 9 || total
-------------------------+-------+-------+-------++-------
Melee: Hand axe          |    90 |    89 |    24 ||   203
       Bite              |    20 |    30 |    12 ||    62
       Unarmed           |       |    20 |       ||    20
Invok: Berserk           |       |     7 |     1 ||     8
  Eat: Chunk             |       |     9 |     1 ||    10
Armor: Animal skin       |    16 |       |       ||    16
       Chain mail        |    30 |    39 |    26 ||    95
Dodge: Dodged            |    47 |    53 |    16 ||   116
